Map: Berlingrad LE

Players

SKillous

  • Race: Protoss Protoss
  • League: Master

Bunny - Winner!

  • Race: Terran Terran

VOD

Have the link to the VOD?

Description

Time

  • Played on: Oct. 21, 2021, 10:52 a.m.
  • Length: 15:34
Show
View Real Time Build Order
Export as new Build Order

SKillous Protoss 

Build Orders: Colossus Rush 

Get SALT Encoding   

  12  0:00  Probe  
  13  0:12  Probe  
  14  0:18  Pylon  
  14  0:24  Probe  
  15  0:36  Probe (Chrono Boost)  
  15  0:38  Gateway  
  16  0:46  Probe (Chrono Boost)  
  16  0:47  Assimilator  
  17  0:51  Probe (Chrono Boost)  
  18  1:03  Probe  
  19  1:15  Probe  
  20  1:24  Cybernetics Core  
  20  1:28  Zealot  
  22  1:33  Pylon  
  22  1:51  Nexus  
  22  2:00  Stalker (Chrono Boost), Probe  
  23  2:02  Warp Gate (Chrono Boost)  
  25  2:12  Probe  
  26  2:21  Stalker (Chrono Boost)  
  26  2:24  Pylon  
  26  2:27  Probe  
  29  2:39  Probe  
  30  2:44  Gateway  
  30  2:46  Stalker  
  32  2:56  Gateway  
  30  3:01  Probe  
  30  3:04  Probe  
  32  3:14  Probe (Chrono Boost)  
  32  3:17  Probe (Chrono Boost)  
  34  3:26  Probe (Chrono Boost)  
  35  3:34  Probe x2 (Chrono Boost)  
  37  3:40  Probe  
  38  3:44  Probe  
  38  3:45  Stalker x2  
  42  3:50  Assimilator  
  42  3:52  Probe, Stalker  
  42  3:54  Pylon  
  45  3:56  Probe  
  45  3:59  Assimilator  
  47  4:12  Probe (Chrono Boost)  
  47  4:13  Probe (Chrono Boost)  
  47  4:14  Robotics Facility  
  48  4:18  Assimilator  
  50  4:24  Probe (Chrono Boost)  
  50  4:25  Probe (Chrono Boost)  
  50  4:30  Stalker  
  52  4:33  Probe (Chrono Boost)  
  52  4:34  Probe (Chrono Boost)  
  53  4:39  Probe (Chrono Boost)  
  53  4:41  Probe (Chrono Boost)  
  53  4:43  Pylon  
  55  4:50  Probe  
  55  4:51  Probe  
  57  4:55  Twilight Council  
  57  5:02  Observer, Probe  
  57  5:03  Robotics Bay  
  57  5:04  Zealot  
  61  5:09  Nexus  
  61  5:10  Pylon  
  61  5:11  Probe  
  62  5:15  Shield Battery, Sentry  
  62  5:17  Probe  
  65  5:23  Probe  
  65  5:24  Pylon  
  65  5:25  Observer  
  67  5:29  Blink (Chrono Boost)  
  67  5:30  Probe  
  67  5:35  Probe  
  69  5:42  Probe  
  70  5:47  Colossus (Chrono Boost), Probe  
  71  5:54  Probe  
  78  5:59  Shield Battery  
  78  6:03  Probe  
  79  6:04  Extended Thermal Lance  
  79  6:06  Pylon  
  79  6:13  Probe  
  79  6:15  Probe (Chrono Boost)  
  81  6:22  Zealot x3  
  81  6:24  Probe (Chrono Boost)  
  89  6:26  Colossus (Chrono Boost)  
  89  6:31  Probe x2 (Chrono Boost)  
  96  6:34  Probe (Chrono Boost)  
  96  6:37  Forge  
  96  6:39  Gateway  
  97  6:42  Gateway  
  97  6:43  Gateway  
  97  6:45  Probe  
  97  6:46  Probe  
  99  6:47  Probe  
  99  6:52  Pylon  
  99  6:56  Templar Archives  
  99  6:57  Probe  
  100  7:02  Probe  
  100  7:04  Pylon  
  100  7:05  Pylon  
  101  7:10  Gateway  
  101  7:11  Probe, Gateway  
  101  7:13  Protoss Ground Weapons Level 1 (Chrono Boost)  
  101  7:14  Colossus (Chrono Boost)  
  108  7:23  Pylon, Gateway  
  108  7:25  Charge (Chrono Boost)  
  108  7:29  Zealot x2  
  112  7:42  Zealot x3  
  118  7:57  Zealot x2  
  114  8:00  Warp Prism  
  114  8:03  Probe  
  117  8:06  Stalker x5  
  117  8:07  Probe  
  127  8:14  Pylon  
  124  8:20  Probe  
  124  8:22  Probe  
  124  8:24  Shield Battery  
  126  8:28  Nexus  
  126  8:31  Pylon  
  126  8:33  Zealot x3  
  133  8:35  Pylon  
  133  8:37  Forge  
  133  8:38  High Templar  
  133  8:39  Zealot, High Templar x3  
  141  8:43  Archon x2  
  141  8:53  Probe  
  142  8:56  Probe  
  142  8:58  Shield Battery, Photon Cannon  
  142  8:59  Pylon, Photon Cannon  
  142  9:00  Pylon  
  142  9:01  Zealot  
  145  9:04  Zealot  
  145  9:05  Zealot  
  145  9:06  Probe  
  153  9:11  Protoss Ground Weapons Level 2 (Chrono Boost)  
  153  9:14  Immortal  
  152  9:21  Probe  
  153  9:26  Zealot x3  
  153  9:29  Protoss Ground Armor Level 1 (Chrono Boost)  
  159  9:31  Photon Cannon  
  159  9:33  Observer, Probe  
  158  9:45  Zealot x4  
  166  9:50  Pylon  
  166  9:51  Zealot, Immortal (Chrono Boost)  
  166  9:52  Zealot  
  168  9:59  Zealot  
  174  10:05  Dark Shrine  
  174  10:15  Zealot x7  
  188  10:28  Gateway  
  188  10:30  Gateway  
  188  10:31  Gateway x2  
  186  10:37  Zealot x5  
  187  10:50  Zealot x3  
  193  10:58  Immortal (Chrono Boost)  
  185  11:11  Zealot, Protoss Ground Weapons Level 3 (Chrono Boost)  
  185  11:17  Shadow Stride  
  187  11:19  Pylon  
  187  11:24  Nexus  
  185  11:26  Pylon  
  185  11:30  Disruptor (Chrono Boost)  
  154  11:44  Robotics Facility  
  154  11:45  Assimilator  
  154  11:46  Assimilator  
  154  11:48  Zealot, Photon Cannon  
  154  11:49  Photon Cannon  
  154  11:51  Photon Cannon  
  154  11:52  Disruptor (Chrono Boost)  
  154  11:53  Zealot x9, Photon Cannon  
  154  11:54  Zealot x2  
  176  11:55  Shield Battery  
  149  12:23  Zealot  
  149  12:24  Zealot x11  
  149  12:27  Disruptor  
  91  12:46  Zealot x9  
  91  12:50  Stalker x3  
  87  13:02  Disruptor  
  87  13:07  Zealot x3  
  87  13:08  Zealot x6  
  103  13:23  Dark Templar x3  
  109  13:29  High Templar x2  
  109  13:30  High Templar x2  
  109  13:31  Sentry, Stalker x3  
  125  13:36  Archon x2  
  125  13:38  Disruptor  
  122  13:54  Zealot x4  
  125  13:57  Stalker x3  
  131  14:07  Zealot x3  
  131  14:08  Zealot  
  99  14:15  Zealot x2  
  99  14:16  Zealot x2  
  99  14:21  Zealot x3  
  95  14:28  Stalker x4  
  103  14:35  Pylon  
  103  14:36  Zealot x3  
  103  14:37  Zealot  
  111  14:48  Dark Templar x3  
  117  14:57  Dark Templar x4  
  90  15:13  Stalker x2  
Show
View Real Time Build Order
Export as new Build Order

Bunny Terran - Winner!

Build Orders: Reaper Expand 

Get SALT Encoding   

  12  0:00  SCV  
  13  0:12  SCV  
  14  0:17  Supply Depot  
  14  0:24  SCV  
  15  0:38  SCV  
  15  0:41  Barracks  
  16  0:43  Refinery  
  16  0:51  SCV  
  17  1:03  SCV  
  18  1:12  Engineering Bay  
  18  1:15  SCV  
  18  1:28  Reaper, Orbital Command  
  19  1:45  Command Center  
  19  1:53  SCV  
  20  1:56  Supply Depot  
  20  2:00  Barracks Reactor  
  20  2:05  SCV  
  21  2:17  SCV  
  22  2:26  Command Center  
  22  2:29  SCV  
  23  2:36  Marine  
  23  2:37  Marine  
  25  2:48  SCV, Bunker  
  26  2:54  Marine x2  
  28  3:01  SCV  
  29  3:08  Orbital Command  
  29  3:13  SCV  
  29  3:21  Marine  
  29  3:22  Marine  
  29  3:25  SCV  
  32  3:27  Barracks  
  32  3:34  SCV  
  33  3:37  SCV, Orbital Command  
  33  3:41  Marine  
  34  3:42  Marine  
  36  3:49  SCV x2  
  38  3:55  Engineering Bay  
  38  4:00  Marine x2  
  38  4:01  SCV x2  
  42  4:04  SCV  
  42  4:13  SCV x2  
  42  4:16  Barracks Tech Lab, SCV  
  44  4:17  Barracks  
  44  4:23  Marine x2  
  46  4:24  Bunker  
  46  4:28  SCV x2  
  46  4:29  SCV  
  49  4:34  Stimpack  
  49  4:38  Marine  
  49  4:41  Marine x2  
  49  4:43  Factory  
  49  4:44  Terran Infantry Weapons Level 1  
  51  4:46  Refinery  
  51  4:48  SCV x2, Refinery  
  51  4:49  SCV  
  54  4:54  Supply Depot  
  54  5:00  SCV x2  
  54  5:01  Supply Depot, SCV  
  54  5:03  Marine x2, Marauder  
  54  5:04  Barracks Tech Lab  
  61  5:10  Refinery  
  61  5:14  Barracks  
  61  5:15  Barracks  
  61  5:17  SCV x3  
  64  5:22  Supply Depot  
  64  5:23  Combat Shield  
  64  5:28  Starport  
  64  5:30  SCV  
  64  5:31  SCV  
  64  5:32  Marine x2, SCV  
  69  5:35  Factory Reactor  
  69  5:37  Marauder  
  69  5:40  Marauder  
  73  5:52  Supply Depot  
  73  5:53  Supply Depot  
  73  5:54  Marine x2  
  75  5:58  Marauder  
  75  6:02  Marauder  
  75  6:03  Missile Turret  
  79  6:06  Barracks Reactor, Barracks Tech Lab  
  79  6:09  SCV x2  
  80  6:15  Concussive Shells  
  80  6:19  Supply Depot  
  80  6:20  Factory Reactor, Medivac x2  
  80  6:21  Supply Depot  
  80  6:22  Orbital Command  
  80  6:23  Marauder x2  
  88  6:27  Marauder  
  88  6:32  SCV x2  
  92  6:33  Marine x2  
  93  6:44  Marauder, SCV x2  
  93  6:45  Marauder  
  93  6:46  Marine x2  
  101  6:48  Marauder, SCV  
  101  6:51  Marine x2  
  101  6:54  Medivac x2  
  110  6:57  Widow Mine x2  
  114  7:01  SCV x2  
  114  7:02  SCV  
  114  7:04  Terran Infantry Armor Level 1  
  114  7:08  Supply Depot x2  
  117  7:09  Supply Depot  
  117  7:17  Marauder x2  
  117  7:18  Marauder  
  117  7:21  Supply Depot x2  
  123  7:24  Medivac  
  64  7:30  Medivac, SCV x3  
  125  7:32  Widow Mine  
  125  7:35  Marine x3, Refinery x2  
  135  7:37  Marine  
  135  7:44  SCV x3  
  136  7:53  Marauder x3  
  141  7:58  Widow Mine x2  
  141  7:59  Marine  
  141  8:00  Marine x3  
  141  8:01  Medivac  
  141  8:02  Medivac  
  140  8:14  Marauder x3  
  140  8:17  Marine x2  
  140  8:18  Marine x2  
  152  8:20  Widow Mine  
  152  8:24  Widow Mine  
  152  8:26  Sensor Tower  
  151  8:31  Viking, SCV  
  151  8:32  SCV x2  
  151  8:33  Missile Turret  
  156  8:34  Viking  
  156  8:35  Marine  
  156  8:37  Marauder x2  
  163  8:44  Marine x2  
  163  8:47  Marine x2  
  164  8:48  Supply Depot x2  
  164  8:50  Armory  
  162  8:56  Ghost Academy  
  162  9:01  Viking  
  162  9:02  SCV  
  165  9:08  Supply Depot, Command Center  
  165  9:10  Viking, SCV x2  
  165  9:11  Widow Mine x2  
  165  9:15  Marine x2  
  165  9:16  Marine x2  
  175  9:25  Ghost x3  
  179  9:32  Viking  
  179  9:36  Terran Infantry Weapons Level 2  
  179  9:40  Viking  
  179  9:41  Marine  
  179  9:42  Marine x3  
  185  9:46  Barracks x2  
  185  9:51  Barracks  
  185  9:54  Terran Ship Weapons Level 1, Supply Depot  
  185  10:01  Bunker  
  185  10:04  Viking  
  185  10:05  Enhanced Shockwaves  
  184  10:10  Viking  
  186  10:16  Engineering Bay  
  186  10:17  SCV x3  
  186  10:21  Missile Turret  
  189  10:22  Sensor Tower  
  188  10:29  SCV x3  
  188  10:35  Missile Turret  
  191  10:37  Barracks Reactor, Barracks Tech Lab  
  191  10:46  Viking x2  
  191  10:47  Planetary Fortress  
  190  10:52  Marauder x3  
  192  10:57  SCV  
  192  10:58  SCV  
  192  10:59  SCV  
  191  11:08  Starport, Terran Infantry Armor Level 2  
  191  11:09  SCV, Fusion Core  
  191  11:10  SCV  
  193  11:17  Liberator  
  193  11:18  Missile Turret  
  196  11:24  Ghost x2  
  196  11:29  SCV x3  
  188  11:36  SCV  
  189  11:40  Liberator  
  189  11:41  SCV x3  
  193  11:48  SCV  
  193  11:49  Terran Ship Weapons Level 2  
  193  11:53  SCV x2  
  196  11:58  Personal Cloaking  
  196  12:03  SCV x2  
  196  12:05  SCV x2  
  200  12:10  Advanced Ballistics, Starport Reactor  
  200  12:13  Refinery x2  
  185  12:30  Marauder x4  
  185  12:32  Marine x6  
  185  12:34  Liberator  
  185  12:35  Liberator  
  152  12:44  Marine  
  152  12:48  Liberator  
  152  12:50  Marine x4  
  158  12:51  Marauder  
  158  12:52  Marauder x3  
  154  13:01  Marine x2  
  154  13:02  Marine  
  151  13:07  Marine  
  151  13:08  Marine  
  151  13:11  SCV x4  
  157  13:13  Marauder x2  
  157  13:17  Marauder x2  
  157  13:18  Marine x2  
  157  13:19  Marine  
  159  13:22  Liberator  
  159  13:23  Marine x2, SCV x2, Liberator  
  159  13:24  Widow Mine  
  159  13:25  Widow Mine  
  159  13:27  Marine x2  
  168  13:42  Ghost x3  
  172  13:49  Marine x2  
  172  13:53  Liberator x2  
  179  14:00  Marine x2  
  179  14:01  Marine x2  
  182  14:05  Liberator  
  162  14:11  Ghost x2, Liberator  
  162  14:12  Marauder x2  
  162  14:14  Marine x2  
  162  14:15  Marine  
  173  14:29  Marine x2  
  173  14:30  Marine x2  
  177  14:36  Medivac x2  
  179  14:39  Ghost x2  
  179  14:41  Marine x4  
  179  14:42  Marine  
  188  14:48  Medivac  
  188  14:49  Marine  
  188  14:50  Marine  
  188  14:56  Marine x2  
  188  14:59  Marine x3  
  190  15:00  Marauder x2  
  165  15:07  Marine x2  
  165  15:08  Marine x2  
  159  15:14  Marine  
  159  15:15  Marine  
Tags
 
Add a new tag
Caveats
  • Supply blocks, unpowered buildings, or Contaminate may cause inaccurate times.
  • Supply counts are checked every 10 seconds.